 Dungeon Crawl Stone Soup version 0.29.1-1-gd02db6906a (webtiles) character file.

Game seed: 9872372745224627264

6839 Demigod47 the Basher (level 10, -6/88 HPs)
             Began as a Minotaur Fighter on Oct 14, 2022.
             Was a High Priest of Okawaru.
             Killed by vampiric draining
             ... invoked by a vampire
              (16 damage)
             ... on level 9 of the Dungeon.
             The game lasted 00:18:33 (11045 turns).

Demigod47 the Basher (Minotaur Fighter)            Turns: 11045, Time: 00:18:34

Health: -6/88      AC: 20    Str: 25    XL:     10   Next: 77%
Magic:  9/9        EV:  7    Int:  5    God:    Okawaru [*****.]
Gold:   593        SH: 15    Dex: 10    Spells: 9/9 levels left

rFire   . . .      SeeInvis .   x - +2 flail (vorpal)
rCold   . . .      Faith    .   D - +0 kite shield
rNeg    . . .      Spirit   .   F - +1 plate armour
rPois   +          Reflect  +   (helmet restricted)
rElec   .          Harm     .   (no cloak)
rCorr   .          Rampage  .   r - +0 pair of gloves
Will    +....      Clarity  +   (no boots)
Stlth   ..........              A - amulet of reflection
HPRegen 0.24/turn               n - +4 ring of protection
MPRegen 0.11/turn               q - ring of willpower

@: no status effects
A: horns 2, retaliatory headbutt, talons 1, clarity, poison resistance
a: Renounce Religion, Heroism, Finesse, Duel


You were on level 9 of the Dungeon.
You worshipped Okawaru.
Okawaru was extremely pleased with you.
You visited 2 branches of the dungeon, and saw 11 of its levels.

You collected 593 gold pieces.

Inventory:

Hand Weapons
 x - a +2 vorpal flail (weapon)
Armour
 r - a +0 pair of gloves (worn)
 D - a +0 kite shield (worn)
 F - a +1 plate armour (worn)
Jewellery
 j - a +6 ring of intelligence
 n - a +4 ring of protection (left hand)
 o - an amulet of regeneration
 q - a ring of willpower (right hand)
 s - a ring of flight
 A - an amulet of reflection (around neck)
 J - a ring of willpower
Wands
 g - a wand of roots (16)
 w - a wand of quicksilver (7)
Scrolls
 f - a scroll of teleportation
 h - 3 scrolls of immolation
 i - a scroll of identify
 l - a scroll of silence
 m - a scroll of enchant weapon
 p - 2 scrolls of blinking
 u - 3 scrolls of magic mapping
 v - 2 scrolls of butterflies
 y - 2 scrolls of amnesia
 z - 6 scrolls of fear
 E - 3 scrolls of noise
 G - a scroll of vulnerability {unknown}
Potions
 a - 2 potions of mutation
 b - a potion of magic {unknown}
 c - a potion of ambrosia {unknown}
 d - 3 potions of might
 e - 9 potions of curing
 k - a potion of degeneration
 t - 4 potions of flight
 B - a potion of haste {unknown}
 C - a potion of cancellation
 I - 2 potions of lignification
 L - a potion of brilliance


   Skills:
 + Level 7.7 Fighting
 * Level 13.5 Maces & Flails
 + Level 9.4 Armour
 + Level 3.0 Dodging
 + Level 1.1 Stealth
 + Level 9.3 Shields


You had 9 spell levels left.
You didn't know any spells.
Your spell library contained the following spells:

 Spells                   Type           Power      Damage    Failure   Level
 Apportation              Tloc           0%         N/A       100%        1
 Magic Dart               Conj           0%         1d3       100%        1
 Necrotise                Necr           0%         1d4       100%        1
 Sandblast                Erth           0%         2d4       100%        1
 Slow                     Hex            0%         N/A       100%        1
 Passwall                 Tmut/Erth      0%         N/A       100%        2
 Scorch                   Fire           0%         2d5       100%        2
 Mephitic Cloud           Conj/Pois/Air  0%         N/A       100%        3
 Stone Arrow              Conj/Erth      0%         3d7       100%        3
 Anguish                  Hex/Necr       0%         N/A       100%        4
 Flame Wave               Conj/Fire      0%         2d4       100%        4
 Leda's Liquefaction      Hex/Erth       0%         N/A       100%        4
 Borgnjor's Vile Clutch   Necr/Erth      0%         N/A       100%        5
 Lee's Rapid Deconstruct  Erth           0%         3d5*      100%        5
 Statue Form              Tmut/Erth      0%         N/A       100%        6
 Enfeeble                 Hex            0%         N/A       100%        7
 Summon Small Mammal      Summ           Unusable   N/A       N/A         1
 Call Imp                 Summ           Unusable   N/A       N/A         2
 Call Canine Familiar     Summ           Unusable   N/A       N/A         3
 Summon Guardian Golem    Hex/Summ       Unusable   N/A       N/A         3
 Animate Dead             Necr           Unusable   N/A       N/A         4
 Death Channel            Necr           Unusable   N/A       N/A         6
 Summon Cactus Giant      Summ           Unusable   N/A       N/A         6

Dungeon Overview and Level Annotations

Branches:
Dungeon (10/15)            Temple (1/1) D:5            Lair (0/5) D:10
    Orc: D:9-12

Altars:
Ashenzari
Cheibriados
Dithmenos
Elyvilon
Fedhas
Gozag
Hepliaklqana
Nemelex Xobeh
Okawaru
Qazlal
Ru
Sif Muna
Trog
Vehumet
Wu Jian
Yredelemnul
Zin
The Shining One

Shops:
D:1 *   D:2 [   D:5 **[

Annotations:
D:5 1 runed translucent door
D:6 2 transporters, Hadkhar's ghost, novice MfGl
D:10 1 runed translucent door


Innate Abilities, Weirdness & Mutations

You have a pair of horns on your head.
You reflexively headbutt those who attack you in melee.
You have sharp toenails.
You possess an exceptional clarity of mind.
Your system is resistant to poisons. (rPois)


Message History

Okawaru accepts your kill.
The acid dragon scales are intact enough to wear.
The orc barely misses you. You block the orc's attack. Something hits you.
* * * LOW HITPOINT WARNING * * *
Something bites you but does no damage. The orc hits you but does no damage.
You block the orc's attack. You block something's attack.
Something bites you but does no damage.
Things that are here:
+0 acid dragon scales; an acid dragon corpse You barely miss the orc.
Your kick misses the orc. You hit the orc.
You kill the orc!
Okawaru accepts your kill. You block the orc's attack.
Something hits you but does no damage. Something bites you.
* * * LOW HITPOINT WARNING * * *
Something draws strength from your injuries!
You barely miss the orc. You claw the orc, but do no damage.
You headbutt the orc.
The orc is severely wounded.
You block the orc's attack. Something hits you but does no damage.
Something bites you but does no damage.
You hit the orc.
You kill the orc!
Okawaru accepts your kill. You block something's attack. x2
Something hits you but does no damage. Something bites you but does no damage.
Things that are here:
a +0 short sword; a +0 leather armour You closely miss something.
You claw something. Your headbutt misses something. Something hits you.
* * * LOW HITPOINT WARNING * * *
Something bites you but does no damage.
You hit something. You headbutt something! Something hits you!
* * * LOW HITPOINT WARNING * * *
Something bites you but does no damage.
You hit something. You hit something but do no damage.
Your kick misses something. Your headbutt misses something.
Something draws life force from you!
You die...

#.# #........ #.#
#.####### #.# #.# #...
#.# #.# #.## #.# #.#
#.## #.# #.# #.##
######.# #.# #.##
###..{>..# #.####.##
#.[..@[).## #.#......
#.#.......# #.#.....#
#.#.......# #.#......
#.##'#....####.#...#..
#.##.#................
#.##.#.#...###.#...#.#
#.##.#.#............<.
#.##.#.###.#####.#...#
#.##.#................


There were no monsters in sight!

Vanquished Creatures
  A centaur warrior (D:10)
  A two-headed ogre (D:9)
  A kobold demonologist (D:9)
  A hornet (D:8)
  A merfolk (D:9)
  2 polar bears (D:10)
  Grinder (D:3)
  5 yaks (D:10)
  A wraith (D:10)
  3 steam dragons
  An acid dragon (D:9)
  2 water moccasins
  An orc warrior (D:8)
  An ogre (D:4)
  3 centaurs
  3 kobold brigands
  Blork the orc (D:5)
  2 necrophages (D:7)
  2 bullfrogs
  4 gnoll sergeants
  A scorpion (D:4)
  6 wights (D:6)
  10 killer bees (D:9)
  2 howler monkeys
  2 hounds
  2 gnoll boudas
  3 orc priests
  Ijyb (D:3)
  2 iguanas
  2 orc wizards
  Natasha (thrice) (D:2)
  25 gnolls
  4 adders
  2 shadow imps
  2 white imps
  An ufetubus (D:5)
  4 dart slugs
  14 orcs
  2 ball pythons (D:2)
  5 endoplasms
  2 giant cockroaches
  10 goblins
  4 hobgoblins
  13 jackals
  17 kobolds
  4 quokkas
  4 bats
  4 frilled lizards
  5 rats
193 creatures vanquished.

Vanquished Creatures (others)
  A wight (D:6)
  A kobold (D:8)
  6 plants (D:10)
8 creatures vanquished.

Grand Total: 201 creatures vanquished

Notes
Turn   | Place    | Note
-------+----------+-------------------------------------------
     0 | D:1      | Demigod47 the Minotaur Fighter began the quest for the Orb.
     0 | D:1      | Reached XP level 1. HP: 19/19 MP: 0/0
    75 | D:1      | Found Plog's General Store.
   370 | D:1      | Reached XP level 2. HP: 27/27 MP: 1/1
   394 | D:1      | Found a faded altar of an unknown god.
   403 | D:1      | Got Plato's Disquisition on Charms
   548 | D:1      | Reached skill level 3 in Maces & Flails
   778 | D:1      | Reached XP level 3. HP: 33/33 MP: 2/2
  1378 | D:2      | Noticed Natasha
  1388 | D:2      | Killed Natasha
  1527 | D:2      | Found Avveov's Antique Armour Emporium.
  1595 | D:2      | Reached skill level 4 in Maces & Flails
  1595 | D:2      | Reached XP level 4. HP: 40/40 MP: 3/3
  1629 | D:2      | Noticed Natasha
  1636 | D:2      | Killed Natasha
  1710 | D:2      | Noticed Natasha
  1716 | D:2      | Killed Natasha
  2185 | D:2      | Gained mutation: You have sharp toenails. [potion of
                  | mutation]
  2185 | D:2      | Gained mutation: You possess an exceptional clarity of
                  | mind. [potion of mutation]
  2185 | D:2      | Gained mutation: Your system is resistant to poisons.
                  | (rPois) [potion of mutation]
  2208 | D:3      | Reached XP level 5. HP: 46/46 MP: 4/4
  2216 | D:3      | Noticed Grinder
  2245 | D:3      | Killed Grinder
  2246 | D:3      | Reached skill level 5 in Maces & Flails
  2246 | D:3      | Reached skill level 5 in Armour
  2246 | D:3      | Reached skill level 1 in Dodging
  2246 | D:3      | Reached XP level 6. HP: 34/53 MP: 5/5
  2421 | D:3      | Reached skill level 6 in Maces & Flails
  2485 | D:3      | Found a snail-covered altar of Cheibriados.
  2795 | D:3      | Noticed Ijyb
  2802 | D:3      | Killed Ijyb
  3289 | D:4      | Found a white marble altar of Elyvilon.
  3289 | D:4      | Found a shadowy altar of Dithmenos.
  3291 | D:4      | Found a basalt altar of Yredelemnul.
  3456 | D:4      | Reached skill level 7 in Maces & Flails
  3456 | D:4      | Reached XP level 7. HP: 60/60 MP: 6/6
  3653 | D:5      | Entered Level 5 of the Dungeon
  3653 | D:5      | Found a sparkling altar of Nemelex Xobeh.
  3703 | D:5      | Found a staircase to the Ecumenical Temple.
  3728 | Temple   | Entered the Ecumenical Temple
  3774 | Temple   | Became a worshipper of Warmaster Okawaru
  3846 | D:5      | Found a stormy altar of Qazlal.
  3924 | D:5      | Found Leakh's Armour Boutique.
  3956 | D:5      | Found Bitaomp's Assorted Antiques.
  3968 | D:5      | Found Mappi's General Store.
  4162 | D:5      | Found a runed translucent door.
  4185 | D:5      | Found Eluqos's General Store.
  4230 | D:5      | Found Niako's Weapon Boutique.
  4243 | D:5      | Reached skill level 8 in Maces & Flails
  4291 | D:5      | Reached skill level 5 in Fighting
  4413 | D:5      | Noticed Blork the orc
  4429 | D:5      | Killed Blork the orc
  4429 | D:5      | Reached * piety under Okawaru
  5123 | D:6      | Noticed a steam dragon
  5136 | D:6      | Killed a steam dragon
  5137 | D:6      | Reached skill level 5 in Shields
  5137 | D:6      | Reached XP level 8. HP: 31/64 MP: 7/7
  5139 | D:6      | Reached skill level 9 in Maces & Flails
  5444 | D:6      | Noticed a two-headed ogre
  5448 | D:6      | Noticed Hadkhar's ghost (novice MfGl)
  5678 | D:6      | Found a transporter.
  5912 | D:6      | Found a transporter.
  6055 | D:6      | Reached ** piety under Okawaru
  6056 | D:6      | Reached skill level 10 in Maces & Flails
  6820 | D:7      | Reached XP level 9. HP: 75/75 MP: 8/8
  7595 | D:7      | Reached skill level 1 in Stealth
  8062 | D:8      | Reached skill level 11 in Maces & Flails
  8727 | D:9      | Reached *** piety under Okawaru
  8904 | D:9      | Noticed a kobold demonologist
  8915 | D:9      | Killed a kobold demonologist
  8977 | D:9      | Reached skill level 12 in Maces & Flails
  9194 | D:9      | Reached XP level 10. HP: 66/84 MP: 9/9
  9240 | D:9      | Noticed a two-headed ogre
  9252 | D:9      | Killed a two-headed ogre
  9252 | D:9      | Reached **** piety under Okawaru
 10266 | D:10     | Entered Level 10 of the Dungeon
 10303 | D:10     | Found a staircase to the Lair.
 10366 | D:10     | Found a broken altar of Ashenzari.
 10439 | D:10     | Found a bloodstained altar of Trog.
 10450 | D:10     | Reached skill level 13 in Maces & Flails
 10744 | D:10     | Found a runed translucent door.
 10744 | D:10     | Noticed a centaur warrior
 10752 | D:10     | Killed a centaur warrior
 10974 | D:10     | Reached ***** piety under Okawaru
 11045 | D:9      | Killed from afar by a vampire

Illustrated notes

Levels and vault maps discovered:
D:1:      eino_arrival_tree_alley, layout_basic,
          shapermc_ecumenical_altar_rom_forum, serial_shops, shop,
          minmay_misc_feat_columns
D:2:      layout_basic, serial_shops, shop_statue, uniq_natasha
D:3:      layout_basic, mainiacjoe_overflow_alcove_4, uniq_grinder, uniq_ijyb
D:4:      layout_rooms, nicolae_overflow_hidden_temple
D:5:      layout_basic, grunt_qazlal_clouds, mainiacjoe_overflow_tiny_flanked,
          minmay_temple_entry_offerings, ebering_ghost_sewer_d, serial_shops,
          nicolae_shop_crystal, nicolae_shop_trees, nicolae_inconvenience_store,
          nicolae_lakefront_shop, shop, uniq_blork_the_orc
D:6:      layout_layer_cave, gammafunk_ghost_arena
D:7:      layout_loops_corners
D:8:      layout_basic
D:9:      layout_basic, minmay_misc_feat_secret_circle, hangedman_fish_farm
D:10:     layout_roguey, evilmike_ruin_ashenzari, trog_ov_bears_minmay,
          dpeg_oklobed_lair, chequers_arboretum, minmay_crystal_water,
          minivault_13, uniq_lodul, uniq_maggie
Temple:   jpeg_temple_clearing

Skill      XL: |  1  2  3  4  5  6  7  8  9 10 |
---------------+-------------------------------+-----
Maces & Flails | 3 4 5 7 8 10 12 13 | 13.5
Armour         | 4 5 6 7 8 9 |  9.4
Shields        | 4 5 6 7 9 |  9.3
Fighting       | 4 5 6 7 |  7.7
Dodging        | 1 2 3 |  3.0
Stealth        | 1 |  1.1

Action                   |  1- 3 |  4- 6 |  7- 9 | 10-12 || total
-------------------------+-------+-------+-------+-------++-------
Melee: Flail             |    76 |    72 |   270 |   100 ||   518
       Headbutt          |    11 |    12 |    34 |    20 ||    77
       Kick              |       |     7 |    66 |    22 ||    95
  Use: Scroll            |       |     4 |    10 |     1 ||    15
       Potion            |       |     2 |     7 |     3 ||    12
 Stab: Invisible         |       |     1 |       |       ||     1
Armor: Scale mail        |    45 |    40 |    70 |       ||   155
       Plate armour      |       |       |   107 |    56 ||   163
Dodge: Dodged            |    42 |    35 |   114 |    31 ||   222
Block: Buckler           |    32 |    18 |   119 |       ||   169
       Reflection        |       |     1 |     3 |     2 ||     6
       Kite shield       |       |       |   137 |    86 ||   223
